 Dungeon Crawl Stone Soup version 0.29-a0-330-g52719c12eb (webtiles) character file.

Game seed: 894654440790520903

647 kae the Firebug (level 7, -8/45 HPs)
             Began as an Octopode Fire Elementalist on Apr 16, 2022.
             Mangled by a yak (15 damage)
             ... on level 5 of the Dungeon.
             The game lasted 00:04:08 (6844 turns).

kae the Firebug (Octopode Fire Elementalist)        Turns: 6844, Time: 00:04:08

Health: -8/45      AC: -1    Str:  7    XL:     7   Next: 52%
Magic:  2/12       EV: 13    Int: 20    God:
Gold:   280        SH:  0    Dex: 12    Spells: 3/12 levels left

rFire   . . .      SeeInvis .   b - +1 spear
rCold   . . .      Faith    .   (no shield)
rNeg    . . .      Spirit   .   j - +2 hat
rPois   .          Reflect  .   (no amulet)
rElec   .          Harm     .   (no ring)
rCorr   .          Rampage  .   (no ring)
Will    .....                   (no ring)
Stlth   ++++......              (no ring)
HPRegen 0.15/turn               (no ring)
MPRegen 0.13/turn               (no ring)
                                (no ring)
                                (no ring)

@: about to teleport, corroded
A: almost no armour, amphibious, 8 rings, camouflage 1, gelatinous body 1,
(nimble swimmer 1), tentacles
a: no special abilities


You were on level 5 of the Dungeon.
You visited 1 branch of the dungeon, and saw 5 of its levels.

You collected 280 gold pieces.

Inventory:

Hand Weapons
 b - a +1 spear (weapon)
Armour
 j - a +2 hat (worn)
Jewellery
 h - an amulet of faith
 x - a ring of flight
Wands
 f - a wand of iceblast (7)
 q - a wand of flame (9)
Scrolls
 m - a scroll of enchant weapon
 p - a scroll of holy word
 r - 2 scrolls of brand weapon
 v - a scroll of enchant armour
 w - 3 scrolls of teleportation
Potions
 a - 3 potions of magic
 c - a potion of lignification
 e - a potion of flight
 g - a potion of invisibility
 i - 2 potions of attraction
 k - a potion of mutation {unknown}
 l - 3 potions of curing {unknown}
 n - 2 potions of heal wounds {unknown}
 o - a potion of might {unknown}
 t - a potion of berserk rage {unknown}
 u - a potion of degeneration {unknown}


   Skills:
 + Level 2.6 Fighting
 + Level 3.3 Dodging
 + Level 5.0 Stealth
 + Level 3.3 Spellcasting
 + Level 3.0 Conjurations
 * Level 5.2 Fire Magic


You had 3 spell levels left.
You knew the following spells:

 Your Spells              Type           Power      Damage    Failure   Level
a - Foxfire               Conj/Fire      76%        2x1d7     2%          1
b - Scorch                Fire           48%        2d7       2%          2
c - Conjure Flame         Conj/Fire      19%        6-21      8%          3
d - Inner Flame           Hex/Fire       13%        N/A       14%         3

Your spell library contained the following spells:

 Spells                   Type           Power      Damage    Failure   Level
 Flame Wave               Conj/Fire      19%        2d6       26%         4


Dungeon Overview and Level Annotations

Branches:
Dungeon (5/15)
 Temple: D:4-7

Altars:
Kikubaaqudgha
Makhleb
Ru
Sif Muna
Yredelemnul
The Shining One

Annotations:
D:4 2 transporters, initializr's ghost, amateur SpEn


Innate Abilities, Weirdness & Mutations

You cannot wear most types of armour.
You are amphibious.
You can wear up to eight rings at the same time.
Your skin changes colour to match your surroundings (Stealth+).
Your rubbery body absorbs attacks. (AC +1, EV +1)
((You are camouflaged when in or above water. (Stealth+)))
You have tentacles for arms and can constrict up to eight enemies at once.


Message History

The gnoll shaman's fire resistance burns away.
The sky beast closely misses you.
The gnoll shaman hits you with a +0 whip!
The sky beast flickers out of sight!
Deactivating autopickup; reactivate with Ctrl-A.
Something hits you but does no damage.
Casting: Scorch (safe; 2% risk of failure)
Confirm with . or Enter, or press ? or * to list all spells.
Flames lash the jelly.
The jelly is heavily wounded.
The jelly's fire resistance burns away.
The gnoll shaman barely misses you.
A yak comes into view.
Something hits you but does no damage. The gnoll shaman closely misses you.
Something hits you but does no damage.
A jelly comes into view.
The jelly completely misses you.
Casting: Scorch (safe; 2% risk of failure)
Confirm with . or Enter, or press ? or * to list all spells.
Flames lash something.
Reactivating autopickup.
You feel a bit more experienced. The gnoll shaman barely misses you.
The jelly hits you. The acid corrodes you!
You are splashed with acid.
Your Stealth skill increases to level 5!
Your Conjurations skill increases to level 3!
The gnoll shaman is no longer more vulnerable to fire.
The gnoll shaman hits you with a +0 whip!
The jelly barely misses you. The jelly attacks as you move away!
The jelly hits you.
You are splashed with acid!
* * * LOW HITPOINT WARNING * * *
The yak attacks as you move away! The yak gores you.
* * * LOW HITPOINT WARNING * * *
Okay, then.
As you read the scroll of fear, it crumbles to dust.
You assume a fearsome visage.
The gnoll shaman looks frightened!
The yak resists with some effort.
Okay, then.
As you read the scroll of teleportation, it crumbles to dust.
You feel strangely unstable. The yak gores you!
You die...

#.##.#.....##.########
#..#.#.....##.#.......
##.#..........#.......
#.############.......
#.#......# ......#
#.#.####.# .g..#
#.#...##.# ###)...#
#.###.##.# #.YJ..#
#........# #@#J...#
#####.######.#....#
#........#......#
#####....#.?.....
#....#.......
#....#.......
#....########
###......# #......#


You could see a yak, a gnoll shaman (fleeing) and a jelly.

Vanquished Creatures
  2 sky beasts (D:5)
  A black bear (D:5)
  A scorpion (D:3)
  An orc priest (D:4)
  A hound (D:5)
  3 orc wizards (D:4)
  A mummy (D:4)
  Robin (D:4)
  2 adders (D:2)
  An ufetubus (D:4)
  A worm (D:3)
  4 dart slugs
  6 orcs
  5 ball pythons
  6 endoplasms
  2 giant cockroaches (D:1)
  25 goblins
  8 hobgoblins
  5 jackals
  6 kobolds
  3 quokkas
  8 bats
  4 frilled lizards
  A hobgoblin zombie (D:4)
  3 kobold zombies (D:4)
  5 rats
106 creatures vanquished.

Vanquished Creatures (others)
  381 foxfires
381 creatures vanquished.

Grand Total: 487 creatures vanquished

Notes
Turn   | Place    | Note
-------+----------+-------------------------------------------
     0 | D:1      | kae the Octopode Fire Elementalist began the quest for the
                  | Orb.
     0 | D:1      | Reached XP level 1. HP: 11/11 MP: 3/3
   275 | D:1      | Reached XP level 2. HP: 17/17 MP: 3/5
   589 | D:1      | Learned a level 2 spell: Scorch
   691 | D:1      | Reached XP level 3. HP: 22/22 MP: 3/6
  1077 | D:1      | Found a faded altar of an unknown god.
  1658 | D:2      | Reached skill level 1 in Fighting
  1820 | D:2      | Reached XP level 4. HP: 28/28 MP: 0/7
  2258 | D:2      | Identified the +3 robe of Insurance {Contam rElec Archmagi}
  2834 | D:3      | Noticed a scorpion
  2846 | D:3      | Killed a scorpion
  2847 | D:3      | Reached XP level 5. HP: 18/33 MP: 0/8
  3168 | D:3      | Found an ancient bone altar of Kikubaaqudgha.
  3217 | D:3      | Found a sacrificial altar of Ru.
  3348 | D:3      | Found a burning altar of Makhleb.
  3479 | D:4      | Found a transporter.
  3482 | D:4      | Found a transporter.
  3482 | D:4      | Noticed initializr's ghost (amateur SpEn)
  3483 | D:4      | Noticed an ogre
  3486 | D:4      | Identified the +7 giant club of Oozing Pus {drain, Dex+2}
  3486 | D:4      | Noticed an ogre
  3539 | D:4      | Found a basalt altar of Yredelemnul.
  3633 | D:4      | Noticed an orc warrior
  3707 | D:4      | Found a glowing golden altar of the Shining One.
  3958 | D:4      | Found a shimmering blue altar of Sif Muna.
  4140 | D:3      | Learned a level 3 spell: Conjure Flame
  4144 | D:3      | Learned a level 3 spell: Inner Flame
  4406 | D:4      | Noticed Robin
  4433 | D:4      | Killed Robin
  4434 | D:4      | Reached XP level 6. HP: 39/39 MP: 4/10
  5813 | D:5      | Entered Level 5 of the Dungeon
  5851 | D:5      | Noticed a sky beast
  5861 | D:5      | Killed a sky beast
  5862 | D:5      | Reached XP level 7. HP: 20/45 MP: 4/11
  6131 | D:5      | Reached skill level 5 in Fire Magic
  6838 | D:5      | Noticed a yak
  6841 | D:5      | Reached skill level 5 in Stealth
  6844 | D:5      | Mangled by a yak

Illustrated notes

Levels and vault maps discovered:
D:1:      lightli_arrival_statuegarden, layout_basic,
          dreamdust_ecumenical_altar_angels_and_demons, minmay_tromino_v7
D:2:      layout_basic, minmay_misc_feat_roman, kennysheep_generic_room_7
D:3:      layout_rooms, mainiacjoe_overflow_big_doors, kiku_gazebo_pond_becter,
          minmay_misc_feat_chi
D:4:      kennysheep_goblin_castle, layout_loops_ring,
          mainiacjoe_overflow_paths, kennysheep_mini_moat, lemuel_crystal_altar,
          gammafunk_ghost_smash, minmay_mini_ossuary
D:5:      layout_basic, minmay_temple_entry_enclosed_plants, minivault_26,
          corexii_item_surrounded_by_moat, kennysheep_generic_room_2

Skill      XL: |  1  2  3  4  5  6  7 |
---------------+----------------------+-----
Stealth        | 3 4 5 |  5.0
Fighting       | 1 2 |  2.6
Conjurations   | 2 3 |  3.0
Fire Magic     | 4 5 |  5.2
Dodging        | 3 |  3.3
Spellcasting   | 3 |  3.3

Action                   |  1- 3 |  4- 6 |  7- 9 || total
-------------------------+-------+-------+-------++-------
Melee: Unarmed           |    10 |       |       ||    10
       Tentacles         |     3 |     5 |       ||     8
       Constrict         |     4 |     4 |       ||     8
       Spear             |     8 |    20 |       ||    28
 Cast: Foxfire           |    74 |   138 |    16 ||   228
       Scorch            |     1 |    13 |     5 ||    19
       Conjure Flame     |       |     4 |     1 ||     5
  Use: Scroll            |     7 |    10 |     2 ||    19
       Potion            |       |     1 |       ||     1
 Stab: Sleeping          |     1 |       |       ||     1
Armor: Skin              |     5 |    10 |     5 ||    20
Dodge: Dodged            |    19 |    37 |    12 ||    68

Table legend: (Time is in decaauts)
 A = Elapsed time spent in this place.
 B = Non-inter-level travel time spent in this place.
 C = Inter-level travel time spent in this place.
 D = Time resting spent in this place.
 E = Time spent auto-exploring this place.
 F = Levels seen in this place.
 G = Mean time per level.
                   A        B        C        D        E       F      G
               +--------+--------+--------+--------+--------+-----+--------+
         Total |   6852 |   6644 |    208 |    315 |   5367 |   5 | 1370.4 |
       Dungeon |   6852 |   6644 |    208 |    315 |   5367 |   5 | 1370.4 |
               +--------+--------+--------+--------+--------+-----+--------+

Top non-repeatable levels by time:
     D:4: 1934 daAuts
     D:3: 1471 daAuts
     D:1: 1336 daAuts
     D:2: 1080 daAuts
     D:5: 1030 daAuts
